Map: Temple gelé

Players

TIACH - Winner!

  • Race: Protoss Protoss
  • League: Gold

Sankukai

  • Race: Zerg Zerg
  • League: Gold

VOD

Have the link to the VOD?

Description

Time

  • Played on: Aug. 19, 2016, 9:55 a.m.
  • Length: 21:44
Show
View Real Time Build Order
Export as new Build Order

TIACH Protoss - Winner!

Build Orders:  

Get SALT Encoding   

  12  0:01  Probe (Chrono Boost)  
  13  0:12  Probe (Chrono Boost)  
  14  0:20  Pylon  
  14  0:22  Probe (Chrono Boost)  
  15  0:38  Probe (Chrono Boost)  
  15  0:41  Forge  
  16  0:48  Probe (Chrono Boost)  
  17  0:58  Assimilator  
  17  0:59  Probe (Chrono Boost)  
  18  1:12  Pylon  
  18  1:13  Pylon  
  18  1:15  Pylon  
  18  1:20  Pylon  
  18  1:28  Probe (Chrono Boost)  
  19  1:36  Photon Cannon  
  19  1:41  Probe (Chrono Boost)  
  20  1:47  Gateway  
  20  1:52  Probe (Chrono Boost)  
  21  2:08  Assimilator  
  21  2:09  Probe (Chrono Boost)  
  22  2:25  Pylon  
  22  2:26  Probe (Chrono Boost)  
  23  2:35  Cybernetics Core  
  23  2:40  Nexus  
  23  2:42  Probe (Chrono Boost)  
  23  2:55  Probe (Chrono Boost)  
  23  2:56  Zealot  
  27  3:07  Probe (Chrono Boost)  
  27  3:14  Warp Gate  
  27  3:17  Pylon  
  27  3:19  Probe (Chrono Boost)  
  28  3:29  Pylon  
  28  3:31  Probe (Chrono Boost)  
  29  3:37  Stargate  
  29  3:45  Mothership Core (Chrono Boost)  
  31  3:52  Stalker  
  31  3:53  Probe (Chrono Boost)  
  34  4:05  Probe x2 (Chrono Boost)  
  38  4:17  Probe (Chrono Boost)  
  38  4:18  Probe (Chrono Boost), Pylon  
  38  4:24  Void Ray  
  38  4:29  Probe (Chrono Boost)  
  38  4:30  Probe (Chrono Boost)  
  44  4:37  Assimilator  
  44  4:40  Assimilator  
  44  4:41  Probe (Chrono Boost)  
  44  4:42  Probe (Chrono Boost)  
  48  4:53  Probe (Chrono Boost)  
  48  4:54  Probe (Chrono Boost)  
  48  4:59  Stargate  
  48  5:05  Void Ray  
  48  5:06  Gateway x2  
  52  5:24  Nexus  
  52  5:41  Gateway  
  52  5:45  Probe x2 (Chrono Boost)  
  60  5:57  Probe x2 (Chrono Boost)  
  59  6:09  Probe (Chrono Boost)  
  59  6:10  Probe (Chrono Boost)  
  61  6:22  Probe (Chrono Boost)  
  60  6:25  Void Ray  
  60  6:27  Pylon  
  57  6:37  Probe x3 (Chrono Boost)  
  59  6:42  Void Ray  
  59  6:48  Probe (Chrono Boost)  
  59  6:49  Probe x2 (Chrono Boost)  
  66  6:59  Assimilator  
  68  7:01  Probe x2 (Chrono Boost)  
  68  7:02  Assimilator  
  68  7:04  Probe (Chrono Boost)  
  69  7:08  Pylon  
  69  7:09  Pylon  
  69  7:13  Probe x2 (Chrono Boost)  
  71  7:21  Probe (Chrono Boost)  
  72  7:25  Probe (Chrono Boost)  
  72  7:28  Void Ray x2  
  73  7:32  Probe (Chrono Boost)  
  73  7:33  Probe (Chrono Boost)  
  83  7:37  Protoss Air Armor Level 1  
  83  7:40  Stalker x3  
  89  7:44  Stargate  
  92  7:58  Probe x2 (Chrono Boost)  
  92  7:59  Probe (Chrono Boost)  
  92  8:10  Probe (Chrono Boost)  
  93  8:21  Pylon  
  93  8:23  Pylon  
  93  8:34  Void Ray  
  93  8:35  Void Ray  
  93  8:39  Void Ray  
  105  8:42  Pylon  
  105  8:48  Stalker x2  
  109  8:56  Pylon  
  105  9:35  Twilight Council  
  105  9:41  Gateway  
  105  9:44  Gateway  
  105  9:46  Gateway  
  105  9:48  Gateway  
  105  9:51  Gateway  
  105  9:53  Gateway  
  105  9:57  Pylon x2  
  105  10:21  Adept x2  
  105  10:22  Adept  
  111  10:34  Nexus  
  111  10:47  Pylon  
  111  10:48  Pylon  
  111  11:15  Resonating Glaives  
  107  11:20  Protoss Ground Armor Level 1  
  107  11:24  Adept x3  
  113  11:38  Pylon  
  113  11:41  Adept x2  
  113  11:42  Adept x4  
  125  12:21  Adept x5  
  125  12:22  Adept  
  137  12:28  Forge  
  137  12:36  Gateway  
  137  12:37  Gateway  
  137  12:39  Adept, Gateway  
  137  12:40  Adept x2  
  137  12:43  Gateway x2  
  143  12:50  Protoss Ground Weapons Level 1  
  143  13:05  Protoss Ground Armor Level 2  
  143  13:11  Adept x4  
  143  13:12  Adept x5  
  161  13:37  Robotics Facility  
  161  13:51  Adept x6  
  161  13:52  Adept  
  175  13:58  Pylon  
  175  14:00  Pylon  
  175  14:01  Pylon  
  159  14:38  Protoss Ground Weapons Level 2  
  137  14:39  Adept x2  
  137  14:40  Adept x6  
  137  14:41  Adept  
  139  14:52  Adept x5  
  131  15:12  Protoss Ground Armor Level 3  
  123  15:29  Adept x4  
  123  15:30  Adept x3  
  123  15:32  Assimilator  
  123  15:33  Assimilator  
  137  15:38  Immortal  
  139  15:45  Robotics Facility  
  139  15:49  Charge  
  139  16:03  Templar Archives  
  139  16:10  Adept x5  
  139  16:11  Adept x5  
  153  16:12  Adept x4  
  167  16:22  Immortal  
  141  17:20  Zealot x2  
  141  17:21  Zealot x5  
  141  17:22  Zealot x3  
  159  17:23  Zealot x2  
  161  17:33  Zealot x2  
  161  17:36  Immortal x2  
  165  18:10  Pylon, Nexus  
  165  18:12  Pylon  
  151  18:47  Zealot x5  
  151  18:48  Zealot x5  
  147  18:49  Zealot x3  
  147  18:53  Immortal  
  147  18:54  Protoss Ground Weapons Level 3  
  147  18:55  Immortal  
  145  19:24  Adept x2  
  145  19:25  Adept x7  
  145  19:27  Immortal  
  151  19:34  Immortal  
  133  19:40  Zealot x2  
  133  19:41  Zealot x3  
  82  20:00  Zealot x4  
  82  20:01  Zealot x4  
  82  20:02  Zealot x2  
  95  20:12  Pylon  
  95  20:14  Pylon  
  95  20:15  High Templar x4  
  95  20:19  Archon x2  
  172  20:21  Psionic Storm  
  103  20:38  Zealot x5  
  103  20:41  High Templar x5  
  103  20:42  Immortal  
  123  20:47  Immortal  
  131  20:52  Archon x2  
  131  20:54  Zealot  
  131  20:55  High Templar x2  
  131  20:56  High Templar  
  139  20:59  Archon  
  139  21:00  Archon  
  139  21:17  Zealot x6  
  139  21:18  Zealot x2  
Show
View Real Time Build Order
Export as new Build Order

Sankukai Zerg 

Build Orders: Hatch First 

Get SALT Encoding   

  12  0:01  Drone  
  13  0:14  Overlord  
  13  0:20  Drone  
  14  0:34  Drone x2  
  16  0:38  Drone  
  17  1:00  Drone  
  17  1:03  Hatchery  
  17  1:05  Extractor  
  17  1:10  Drone  
  17  1:27  Spawning Pool  
  16  1:47  Drone  
  16  1:48  Drone x2  
  20  2:08  Drone  
  21  2:09  Extractor  
  20  2:16  Roach Warren  
  19  2:34  Overlord  
  19  2:45  Drone  
  19  2:47  Overlord, Queen  
  22  2:55  Hatchery  
  21  3:07  Roach x2  
  25  3:14  Roach  
  27  3:25  Evolution Chamber  
  26  3:32  Roach x2  
  30  3:42  Pneumatized Carapace  
  30  3:51  Roach x2  
  34  4:08  Roach  
  36  4:41  Overlord, Hatchery  
  35  4:47  Queen  
  35  4:51  Drone  
  38  4:56  Roach  
  40  5:04  Roach x2  
  44  5:18  Drone x2  
  46  5:24  Lair  
  46  5:28  Drone  
  37  6:26  Drone x4  
  37  6:27  Drone x5  
  42  6:35  Hydralisk Den  
  42  6:36  Queen  
  41  6:50  Spore Crawler  
  40  6:56  Spore Crawler  
  40  6:58  Spore Crawler  
  40  6:59  Spore Crawler  
  37  7:10  Hydralisk  
  37  7:11  Hydralisk x2  
  37  7:15  Hydralisk  
  45  7:28  Overlord x2  
  45  7:37  Drone  
  45  7:38  Drone x3  
  49  7:50  Hydralisk x2  
  53  7:57  Zergling x2  
  54  8:02  Overlord  
  54  8:04  Drone x3  
  57  8:13  Queen  
  57  8:18  Extractor x2  
  57  8:21  Drone  
  57  8:22  Drone x3  
  57  8:24  Drone  
  62  8:35  Muscular Augments  
  62  8:36  Zerg Missile Weapons Level 1  
  62  8:38  Drone  
  62  8:39  Drone  
  63  8:42  Drone  
  63  8:45  Drone  
  63  8:46  Drone  
  66  8:59  Drone x2  
  66  9:01  Evolution Chamber  
  67  9:27  Drone x7  
  67  9:30  Hatchery  
  73  9:34  Drone  
  73  9:35  Overlord x2  
  73  9:36  Overlord x3  
  74  9:48  Zerg Ground Armor Level 1  
  74  9:52  Infestation Pit  
  73  9:58  Drone x5  
  73  9:59  Drone x3  
  83  10:13  Hydralisk x4  
  89  10:30  Spore Crawler x2  
  87  10:43  Hydralisk x6  
  99  11:00  Spore Crawler  
  99  11:02  Spore Crawler  
  99  11:03  Spore Crawler  
  99  11:04  Spore Crawler  
  83  11:20  Hydralisk x3  
  83  11:21  Hydralisk x4  
  97  11:32  Hydralisk  
  99  11:36  Queen  
  99  11:38  Extractor  
  100  11:40  Extractor  
  97  12:03  Hydralisk x4  
  97  12:04  Hydralisk x2  
  109  12:24  Hydralisk x2  
  109  12:25  Hatchery, Hydralisk  
  109  12:27  Overlord x2  
  109  12:28  Overlord  
  114  12:38  Infestation Pit  
  114  12:40  Drone  
  114  12:51  Drone  
  114  12:52  Drone x2  
  114  12:56  Drone x2  
  119  13:16  Hydralisk  
  119  13:17  Hydralisk x6  
  133  13:29  Drone x3  
  133  13:30  Drone x2  
  133  13:31  Overlord x3  
  138  13:37  Zerg Missile Weapons Level 2  
  138  13:45  Extractor  
  137  14:00  Drone x7  
  137  14:01  Queen, Drone x2  
  94  14:48  Hydralisk x12  
  94  14:49  Hydralisk  
  106  15:09  Extractor  
  103  15:28  Queen  
  103  15:37  Hive  
  103  15:39  Hatchery  
  103  15:41  Zerg Ground Armor Level 2  
  103  15:42  Queen  
  104  16:00  Lurker Den  
  104  16:04  Roach x9  
  122  16:17  Hydralisk x5  
  132  16:28  Hydralisk  
  132  16:29  Hydralisk  
  136  16:33  Glial Reconstitution  
  118  16:59  Hydralisk x8  
  118  17:00  Hydralisk x3  
  131  17:20  Roach x6  
  136  17:41  Lurker  
  135  17:49  Queen  
  135  17:50  Extractor  
  136  18:05  Queen  
  117  18:24  Queen  
  92  18:54  Drone  
  92  18:55  Drone x14  
  107  19:10  Drone x3  
  108  19:35  Zergling x6  
  108  19:36  Zergling x6  
  48  20:06  Drone x9  
  43  20:08  Drone  
  42  20:22  Queen  
  42  20:26  Drone x2  
  42  20:27  Drone  
  47  20:29  Drone  
  47  20:31  Drone  
  47  20:33  Drone  
  50  20:44  Drone x3  
  53  20:51  Drone x5  
  53  20:55  Extractor  
  53  20:57  Extractor  
  55  21:22  Roach x9  
  55  21:24  Roach  
Tags
 
Add a new tag
Caveats
  • Supply blocks, unpowered buildings, or Contaminate may cause inaccurate times.
  • Supply counts are checked every 10 seconds.